 Dungeon Crawl Stone Soup version 0.29.1-2-gbd0b4ee654 (webtiles) character file.

Game seed: 710079129074300773

352445 funnyparkerb the Warrior (level 21, -13/192 HPs)
             Began as a Pale Draconian Transmuter on Nov 13, 2022.
             Was an Initiate of Jiyva.
             Mangled by a jiangshi (18 damage)
             ... led by a vampire mage
             ... on level 3 of the Vaults.
             The game lasted 02:05:48 (63930 turns).

funnyparkerb the Warrior (DrTm)                    Turns: 63930, Time: 02:05:49

Health: -13/192    AC: 19    Str: 13    XL:     21   Next: 31%
Magic:  10/38      EV: 27    Int: 32    God:    Jiyva [......]
Gold:   7911       SH:  0    Dex: 12    Spells: 19/46 levels left

rFire   . . .      SeeInvis .     - Unarmed
rCold   . . .      Faith    .   (shield currently unavailable)
rNeg    + . .      Spirit   .   (body armour unavailable)
rPois   ∞          Reflect  .   (helmet currently unavailable)
rElec   +          Harm     .   (cloak currently unavailable)
rCorr   .          Rampage  .   (gloves currently unavailable)
Will    +....      Clarity  +   (boots currently unavailable)
Stlth   +.........              L - amulet of magic regeneration
HPRegen 0.42/turn               E - +6 ring of intelligence
MPRegen 0.66/turn               z - ring of positive energy

@: sluggish, storm-form, flying, very slow
A: cleaving, insubstantial, flying, (breathe steam), AC +11, unfitting armour,
(cold-blooded), (steam resistance), (stinger 1), (large bone plates 1), clarity,
clever 1
}: 2/15 runes: barnacled, gossamer
a: Blinkbolt, End Transformation, Renounce Religion


You were on level 3 of the Vaults.
You worshipped Jiyva.
Jiyva was noncommittal.
You were a lightning-filled tempest!
You visited 8 branches of the dungeon, and saw 40 of its levels.
You visited 1 bazaar.

You collected 17061 gold pieces.
You spent 2005 gold pieces at shops.
You paid 7145 gold pieces to Gozag.

Inventory:

Missiles
 M - 3 throwing nets
Armour
 u - the +2 buckler "Foakhl Ciruz" (melded) {rC+ Str-2 Dex+2}
   (You bought it in a shop in a bazaar)

   Str:       It affects your strength (-2).
   Dex:       It affects your dexterity (+2).
   rC:        It protects you from cold.
 w - the +2 pair of boots "Hozimo" (melded) {Will+ Int+5}
   (You found it on level 4 of the Dungeon)

   Int:       It affects your intelligence (+5).
   Will:      It increases your willpower.
 J - a +2 pair of gloves of dexterity (melded)
 K - a +2 hat (melded)
 U - a +2 cloak of preservation (melded)
Jewellery
 p - a ring of willpower
 z - a ring of positive energy (right fist)
 D - the ring of Plog {rElec AC+4}
   (You found it on level 1 of the Vaults)

   [ring of protection]

   AC:        It affects your AC (+4).
   rElec:     It insulates you from electricity.
 E - a +6 ring of intelligence (left fist)
 L - an amulet of magic regeneration (around neck)
 W - the amulet "Udghed" {Reflect rPois SH+5}
   (You found it on level 4 of the Shoals)

   [amulet of reflection]

   It reflects blocked missile attacks.
   rPois:     It protects you from poison.
   SH:        It affects your SH (+5).
 Y - a +6 ring of intelligence
Wands
 d - a wand of iceblast (29)
 e - a wand of digging (15)
 o - a wand of paralysis (18)
 y - a wand of mindburst (58)
 B - a wand of light (19)
 N - a wand of flame (48)
Scrolls
 j - 5 scrolls of poison
 k - 3 scrolls of enchant weapon
 m - 7 scrolls of vulnerability
 n - 3 scrolls of magic mapping
 q - a scroll of torment
 v - 7 scrolls of amnesia
 x - 4 scrolls of enchant armour
 A - a scroll of brand weapon
 C - 5 scrolls of immolation
 O - 2 scrolls of summoning
 P - 3 scrolls of butterflies
 R - 11 scrolls of fear
 S - 11 scrolls of teleportation
 T - 3 scrolls of blinking
 Z - 3 scrolls of silence
Potions
 a - 4 potions of lignification
 b - a potion of heal wounds
 c - 6 potions of mutation
 f - 7 potions of flight
 g - 2 potions of resistance
 h - 5 potions of cancellation
 i - 6 potions of haste
 l - 21 potions of curing
 r - 4 potions of ambrosia
 s - 5 potions of brilliance
 t - 3 potions of berserk rage
 F - 5 potions of might
 G - 6 potions of degeneration
 Q - 2 potions of attraction
 V - a potion of magic
 X - 2 potions of invisibility
Miscellaneous
 I - a lightning rod (4/4)


   Skills:
 * Level 17.5 Fighting
 * Level 15.1 Dodging
 + Level 15.8 Unarmed Combat
 + Level 13.2 Spellcasting
 + Level 13.0 Translocations
 - Level 16.0 Transmutations
 - Level 7.0 Ice Magic
 - Level 16.0 Air Magic
 - Level 5.0 Poison Magic


You had 19 spell levels left.
You knew the following spells:

 Your Spells              Type           Power      Damage    Failure   Level
a - Beastly Appendage     Tmut           100%       N/A       0%          1
b - Wereblood             Tmut           89%        N/A       0%          2
c - Spider Form           Tmut/Pois      73%        N/A       1%          3
d - Ice Form              Ice/Tmut       76%        N/A       1%          4
e - Blink                 Tloc           100%       N/A       0%          2
f - Manifold Assault      Tloc           81%        N/A       1%          5
g - Storm Form            Tmut/Air       44%        N/A       2%          7
h - Swiftness             Air            89%        N/A       0%          3

Your spell library contained the following spells:

 Spells                   Type           Power      Damage    Failure   Level
 Sting                    Tmut/Pois      100%       1d8       1%          1
 Ensorcelled Hibernation  Hex/Ice        86%        N/A       1%          2
 Passwall                 Tmut/Erth      53%        N/A       1%          2
 Poisonous Vapours        Pois/Air       100%       N/A       1%          2
 Static Discharge         Conj/Air       64%        3-11/arc  1%          2
 Blade Hands              Tmut           44%        N/A       1%          5
 Magic Dart               Conj           84%        1d7       2%          1
 Sandblast                Erth           42%        2d11      2%          1
 Olgreb's Toxic Radiance  Pois           52%        N/A       2%          4
 Irradiate                Conj/Tmut      32%        3d22      2%          5
 Yara's Violent Unravell  Hex/Tmut       32%        3d13      2%          5
 Dragon Form              Tmut           44%        N/A       2%          7
 Scorch                   Fire           42%        2d7       3%          2
 Searing Ray              Conj           42%        2d6       3%          2
 Confusing Touch          Hex            21%        N/A       7%          3
 Inner Flame              Hex/Fire       21%        N/A       7%          3
 Stone Arrow              Conj/Erth      42%        3d9       7%          3
 Conjure Ball Lightning   Conj/Air       32%        3x3d10    13%         6
 Cause Fear               Hex            10%        N/A       22%         4
 Dispel Undead            Necr           21%        3d11      22%         4
 Flame Wave               Conj/Fire      21%        2d8       22%         4
 Fulminant Prism          Conj/Hex       10%        3d9       22%         4
 Sticky Flame             Conj/Fire      21%        2d4       22%         4
 Fireball                 Conj/Fire      10%        3d6       52%         5
 Iskenderun's Battlesphe  Conj           21%        2d7       52%         5
 Disjunction              Tloc           40%        N/A       56%         8
 Summon Cactus Giant      Summ           10%        N/A       98%         6
 Enfeeble                 Hex            10%        N/A       100%        7
 Orb of Destruction       Conj           10%        9d6       100%        7
 Discord                  Hex            10%        N/A       100%        8
 Dragon's Call            Summ           10%        N/A       100%        9


Dungeon Overview and Level Annotations

Branches:
Dungeon (15/15)            Temple (0/1) D:6            Lair (5/5) D:8
 Shoals (4/4) Lair:3       Spider (4/4) Lair:3        Slime (5/5) Lair:5
    Orc (2/2) D:12            Elf (0/3) Orc:2        Vaults (4/5) D:13
  Crypt (1/3) Vaults:3     Depths (0/4) D:15

Altars:
Cheibriados
Elyvilon
Gozag
Kikubaaqudgha
Ru
Trog
Vehumet
Xom
Yredelemnul
Jiyva

Shops:
D:5 *   D:8 [   D:11 (   D:14 ?   Orc:2 **:[(   Lair:1 [   Lair:3 [
Vaults:1 (

Annotations:
D:3 2 transporters, nshep25's ghost, amateur DsGl
D:10 4 transporters
Lair:1 2 transporters, quakins's ghost, journeyman TrTm
Lair:5 1 runed translucent door
Shoals:3 2 transporters, Amuaxidi's ghost, adept FoCK
Slime:4 Dissolution
Slime:5 Royal Jelly
Crypt:1 Josephina; Vv


Innate Abilities, Weirdness & Mutations

You are a lightning-filled tempest!
Your electrical attacks strike out in all directions at once.
You are incredibly evasive.
Your insubstantial body is immune to petrification, constriction, and being set on fire You are flying.
You are immune to poison.
Your armour is entirely melded.
You are incapable of wielding weapons or throwing items.
((You can breathe blasts of scalding, opaque steam.))
((Your pale cyan-grey scales are hard. (AC +11)))
You cannot fit into any form of body armour.
((You are cold-blooded and may be slowed by cold attacks.))
((You are immune to the effects of steam.))
((Your tail ends in a venomous barb.))
((You are partially covered in large bone plates. (SH +4)))
You possess an exceptional clarity of mind.
Your mind is acute. (Int +4, Str/Dex -1)


Message History

You can't see that place. [a stone wall.]
Okay, then.
You feel much better. The jiangshi barely misses you.
The jiangshi claws you but does no damage.
You hear a distant slurping noise.
The jiangshi claws you but does no damage.
You block the jiangshi's attack.
Casting: Swiftness (safe; 0% risk of failure)
Confirm with . or Enter, or press ? or * to list all spells.
You turn into a lightning-filled tempest!
Your +2 cloak of preservation melds into your body.
Your +2 hat melds into your body.
Your +2 pair of gloves of dexterity melds into your body.
The +2 pair of boots "Hozimo" {Will+ Int+5} melds into your body.
The +2 buckler "Foakhl Ciruz" {rC+ Str-2 Dex+2} melds into your body.
You feel clumsy. The jiangshi barely misses you.
The jiangshi closely misses you. x2
The jiangshi claws you!
* * * LOW HITPOINT WARNING * * *
You hear a distant slurping noise.
The jiangshi completely misses you. x2
You feel much better.
The jiangshi claws you but does no damage.
The jiangshi closely misses you.
You hear a distant slurping noise.
The jiangshi claws you!
* * * LOW HITPOINT WARNING * * *
The jiangshi misses you.
You start to feel a little faster.
The jiangshi claws you.
* * * LOW HITPOINT WARNING * * *
The jiangshi completely misses you. x2; The jiangshi claws you!!
* * * LOW HITPOINT WARNING * * *
The jiangshi claws you!
* * * LOW HITPOINT WARNING * * *
The jiangshi claws you.
* * * LOW HITPOINT WARNING * * *
The jiangshi claws you!!
You die...

.......# #.[#..#..#...#.#.#
.......# #[.)##...#...#...#
.......# #))).....'...#####
######## ####)########...#
#.......# #...#
###########.##.##.# #...#
#.........#.#.#[#.# #...#
#.........#.[#V#..######'######
#.........#.#.#v#.#...........#
##.........#.##[##.'...........#
.#.........'.......#..###'#'#..#
.'.........#########..).#.#.#..#
.########'## #..#######..# .#
#......# #..'.# #.'..# .#
#......# #..#######..# .#
#......##########..'.#.#.'..# ##
#......#.......##..###'###..#


You could see a jiangshi (fast, incited).

Vanquished Creatures
  Arachne (Spider:2)
  Jorgrun (Orc:2)
  Asterion (Spider:1)
  Mlioglotl (Spider:2)
  A lich (Vaults:3)
  A titan (Shoals:4)
  Frances (Spider:1)
  4 sphinxes
  Agnes (Spider:1)
  A storm dragon (Vaults:3)
  Ilsuiw (Shoals:2)
  2 fire giants
  A frost giant (Vaults:3)
  A deep elf sorcerer (Vaults:3)
  Louise (D:14)
  9 emperor scorpions
  2 orc warlords
  Aizul (Spider:2)
  10 vault wardens
  8 ghost moths
  12 ironbound preservers
  7 ghouls
  17 very ugly things
  2 broodmothers
  14 ironbound thunderhulks
  A stone giant (Vaults:3)
  3 war gargoyles
  6 dire elephants
  A deep elf annihilator (Vaults:3)
  Azrael (D:12)
  3 vampire knights
  8 entropy weavers
  A spark wasp (Spider:2)
  2 eidola (Crypt:1)
  3 ettins
  A spark wasp (shapeshifter) (Vaults:3)
  Snorg (Orc:2)
  2 jiangshi (Crypt:1)
  4 merfolk javelineers
  An ettin (shapeshifter) (Vaults:2)
  A fire dragon (Shoals:1)
  A crystal guardian (Vaults:3)
  6 great orbs of eyes
  Fannar (Lair:1)
  8 yaktaur captains
  12 vault guards
  13 merfolk impalers
  Erolcha (D:10)
  16 boulder beetles
  3 peacekeepers
  2 jorogumos
  10 centaur warriors
  13 hydras
  6 two-headed ogres
  2 alligator snapping turtles
  6 radroaches
  9 ironbound frosthearts
  5 merfolk aquamancers
  3 merfolk avatars
  An ogre mage (Vaults:3)
  3 satyrs (Shoals:3)
  Urug (Lair:2)
  2 death knights
  10 death yaks
  The ghost of mkat the Caller, a novice MiSu of Makhleb (D:8)
  6 tengu warriors
  A vampire mage (Crypt:1)
  2 orc high priests
  A soul eater (Crypt:1)
  A hell knight (D:15)
  Sonja (Orc:2)
  7 skeletal warriors
  2 pharaoh ants
  A storm dragon skeleton (Vaults:4)
  7 orb spiders
  32 deep trolls
  3 glowing orange brains
  A sun moth (Spider:1)
  7 steelbarb worms
  20 lindwurms
  10 sea snakes
  6 wizards
  An orb spider (shapeshifter) (Vaults:3)
  2 phantasmal warriors
  4 deep elf pyromancers
  15 ironbound convokers
  A glowing orange brain (shapeshifter) (D:14)
  4 orc knights
  28 harpies
  52 ugly things
  3 orc sorcerers
  21 wolf spiders
  4 necromancers
  A tengu skeleton (Vaults:4)
  A sphinx skeleton (Vaults:4)
  11 cyclopes
  3 oklob plants (Lair:5)
  19 manticores
  10 merfolk sirens
  2 moths of wrath
  20 fauns
  A frost giant skeleton (Vaults:4)
  A gargoyle (D:12)
  16 vault sentinels
  7 elephants
  6 black mambas
  11 water nymphs
  11 torpor snails
  7 cane toads
  Maggie (D:8)
  2 yaktaur zombies (Vaults:4)
  A rime drake (Lair:5)
  2 unseen horrors
  2 efreet
  12 komodo dragons
  An unseen horror zombie (D:8)
  2 kobold demonologists (D:12)
  A freezing wraith (D:14)
  18 yaktaurs
  6 guardian mummies (Crypt:1)
  2 burning bushes (Lair:2)
  7 demonic crawlers
  2 tengu conjurers (D:15)
  4 meliai
  A wind drake (shapeshifter) (Vaults:4)
  19 merfolk
  7 hornets
  7 trolls
  33 slime creatures
  10 wind drakes
  3 polar bears
  4 tyrant leeches (Lair:5)
  A human simulacrum (Vaults:4)
  37 tarantellas
  13 blink frogs
  11 dream sheep
  11 snapping turtles
  5 air elementals (Shoals:4)
  21 jumping spiders
  24 culicivoras
  A jumping spider (shapeshifter) (D:15)
  6 wraiths
  5 wyverns
  51 yaks
  17 water elementals
  2 vampires
  8 basilisks
  A steam dragon (D:9)
  6 vampire mosquitoes
  70 redbacks
  A hog (shapeshifter) (D:15)
  A warg (Orc:1)
  A harpy simulacrum (Crypt:1)
  An acid dragon (D:11)
  An acid dragon (shapeshifter) (Vaults:1)
  8 water moccasins
  4 hell hounds
  Duvessa (D:5)
  2 human skeletons
  22 orc warriors
  3 ice beasts
  A sky beast (D:7)
  4 black bears
  7 ogres
  17 wolves
  A centaur (shapeshifter) (D:14)
  13 centaurs
  A boggart (D:14)
  2 phantoms
  Blork the orc (Orc:2)
  6 kobold brigands
  8 bullfrogs
  A scorpion (D:5)
  A necrophage (Crypt:1)
  A gnoll sergeant (D:11)
  12 wights
  Dowan (D:5)
  22 killer bees
  A raiju skeleton (Crypt:1)
  3 howler monkeys
  9 electric eels
  18 orc priests
  2 jellies
  A hound (D:4)
  5 iguanas
  19 orc wizards
  6 hell rats
  A killer bee zombie (D:8)
  A boggart skeleton (Crypt:1)
  3 mummies (Crypt:1)
  6 gnolls
  6 adders
  2 shadow imps
  6 white imps
  An ufetubus (D:5)
  2 worms (D:2)
  2 dart slugs
  51 orcs
  9 ball pythons
  8 endoplasms
  5 giant cockroaches
  8 goblins
  8 hobgoblins
  6 jackals
  23 kobolds
  2 quokkas
  5 bats
  4 frilled lizards
  5 rats
  A rat skeleton (Crypt:1)
1455 creatures vanquished.

Vanquished Creatures (others)
  An ironbound preserver (Vaults:2)
  A merfolk impaler (Shoals:3)
  A wizard (Vaults:2)
  A tengu conjurer (D:12)
  A bush (Lair:2)
  A demonic plant (D:5)
  43 fungi
  127 plants
  4 toadstools (D:1)
  A withered plant (D:11)
181 creatures vanquished.

Grand Total: 1636 creatures vanquished

Notes
Turn   | Place    | Note
-------+----------+-------------------------------------------
     0 | D:1      | funnyparkerb the Draconian Transmuter began the quest for
                  | the Orb.
     0 | D:1      | Reached XP level 1. HP: 16/16 MP: 3/3
   151 | D:1      | Reached XP level 2. HP: 23/23 MP: 3/5
   160 | D:1      | Learned a level 2 spell: Wereblood
   798 | D:1      | Reached XP level 3. HP: 28/28 MP: 1/6
   802 | D:1      | Learned a level 3 spell: Spider Form
  1382 | D:2      | Noticed an ogre
  1407 | D:2      | Killed an ogre
  1408 | D:2      | Reached skill level 2 in Fighting
  1408 | D:2      | Reached skill level 1 in Poison Magic
  1408 | D:2      | Reached XP level 4. HP: 36/36 MP: 1/8
  1673 | D:2      | Found a faded altar of an unknown god.
  1756 | D:2      | Reached XP level 5. HP: 32/41 MP: 5/9
  2543 | D:2      | Learned a level 4 spell: Ice Form
  2544 | D:3      | Noticed nshep25's ghost (amateur DsGl)
  2544 | D:3      | Found a transporter.
  3609 | D:3      | Found a transporter.
  4374 | D:4      | Found a snail-covered altar of Cheibriados.
  4848 | D:4      | Reached XP level 6. HP: 26/50 MP: 1/10
  5015 | D:4      | Identified the +2 pair of boots "Hozimo" {Will+ Int+5}
  5654 | D:5      | Entered Level 5 of the Dungeon
  5918 | D:5      | Found a white marble altar of Elyvilon.
  5937 | D:5      | Reached skill level 1 in Ice Magic
  6354 | D:5      | Your scales start taking on a pale cyan-grey colour.
  6354 | D:5      | Reached XP level 7. HP: 47/56 MP: 8/12
  6354 | D:5      | Gained mutation: You are immune to the effects of steam.
                  | [Pale Draconian growth]
  6486 | D:5      | Found an opulent altar of Gozag.
  6491 | D:5      | Found Gozag's Platinum Reserve.
  6496 | D:5      | Became a worshipper of Gozag Ym Sagoz the Greedy
  6518 | D:5      | Reached skill level 3 in Fighting
  6866 | D:5      | Noticed Duvessa
  6887 | D:5      | Noticed Dowan
  6896 | D:5      | Killed Duvessa
  6993 | D:5      | Learned a level 2 spell: Blink
  7027 | D:5      | Killed Dowan
  7329 | D:5      | Reached skill level 5 in Transmutations
  7615 | D:6      | Reached skill level 1 in Translocations
  7615 | D:6      | Reached XP level 8. HP: 51/63 MP: 8/13
  7984 | D:5      | Reached skill level 4 in Fighting
  8684 | D:6      | Found a staircase to the Ecumenical Temple.
  9062 | D:7      | Reached skill level 5 in Poison Magic
  9115 | D:7      | Reached XP level 9. HP: 42/71 MP: 9/15
  9985 | D:8      | Noticed Maggie
 10010 | D:8      | Killed Maggie
 10011 | D:8      | Reached skill level 5 in Ice Magic
 10035 | D:8      | Noticed a two-headed ogre
 10036 | D:8      | Gained mutation: You are partially covered in large bone
                  | plates. (SH +4) [potion of mutation]
 10036 | D:8      | Gained mutation: You possess an exceptional clarity of
                  | mind. [potion of mutation]
 10036 | D:8      | Gained mutation: Your tail ends in a venomous barb. [potion
                  | of mutation]
 10036 | D:8      | Gained mutation: Your mind is acute. (Int +4, Str/Dex -1)
                  | [potion of mutation]
 10048 | D:8      | Killed a two-headed ogre
 10049 | D:8      | Reached skill level 5 in Fighting
 10049 | D:8      | Reached skill level 5 in Unarmed Combat
 10217 | D:8      | Noticed an elephant
 10278 | D:7      | Reached skill level 5 in Spellcasting
 10418 | D:8      | Reached XP level 10. HP: 81/81 MP: 17/17
 10762 | D:8      | Found Noggeggi's Antique Armour Shop.
 10811 | D:8      | Reached skill level 5 in Translocations
 10826 | D:8      | Killed an elephant
 11143 | D:8      | Found a staircase to the Lair.
 11327 | D:8      | Found a runed translucent gate.
 11327 | D:8      | Found a runed translucent gate.
 11327 | D:8      | Found a runed translucent gate.
 11327 | D:8      | Noticed mkat's ghost (novice MiSu)
 11329 | D:8      | Found a basalt altar of Yredelemnul.
 11855 | D:9      | Noticed a two-headed ogre
 11869 | D:9      | Killed a two-headed ogre
 12147 | D:9      | Reached skill level 6 in Fighting
 12846 | D:9      | Reached XP level 11. HP: 90/90 MP: 19/19
 13333 | D:9      | Learned a level 5 spell: Manifold Assault
 13369 | D:10     | Entered Level 10 of the Dungeon
 13396 | D:10     | Noticed Erolcha
 13409 | D:10     | Killed Erolcha
 13690 | D:10     | Found a transporter.
 13741 | D:10     | Found a transporter.
 13786 | D:10     | Found a transporter.
 13804 | D:10     | Found a transporter.
 13909 | D:10     | Found a radiant altar of Vehumet.
 14994 | D:11     | Reached skill level 7 in Fighting
 15230 | D:11     | Found Juzierat's Weapon Emporium.
 15364 | D:8      | Bought a glowing hat for 224 gold pieces
 15438 | D:11     | Noticed a six-headed hydra
 15465 | D:11     | Killed a six-headed hydra
 15898 | D:11     | Reached skill level 5 in Dodging
 16206 | D:11     | Found an ancient bone altar of Kikubaaqudgha.
 16451 | D:8      | Killed mkat's ghost
 16452 | D:8      | Reached skill level 10 in Transmutations
 16605 | Lair:1   | Entered Level 1 of the Lair of Beasts
 17293 | Lair:1   | Noticed Fannar
 17317 | Lair:1   | Killed Fannar
 17318 | Lair:1   | Reached XP level 12. HP: 77/101 MP: 22/22
 17720 | Lair:1   | Found a transporter.
 17729 | Lair:1   | Noticed a four-headed hydra
 17742 | Lair:1   | Found a transporter.
 17747 | Lair:1   | Noticed quakins's ghost (journeyman TrTm)
 17846 | Lair:1   | Reached skill level 8 in Fighting
 17846 | Lair:1   | Reached skill level 1 in Air Magic
 18659 | Lair:1   | HP: 4/117 [komodo dragon (27)]
 19261 | Lair:2   | Noticed Urug
 19273 | Lair:2   | Killed Urug
 19526 | Lair:2   | Noticed a seven-headed hydra
 19543 | Lair:2   | Noticed a boulder beetle
 19560 | Lair:2   | Killed a seven-headed hydra
 19590 | Lair:2   | Killed a boulder beetle
 20338 | Lair:2   | Identified a scroll of acquirement
 20364 | Lair:2   | Acquired 491 gold pieces
 20730 | Lair:3   | Found a hole to the Spider Nest.
 20812 | Lair:3   | Found a sacrificial altar of Ru.
 21509 | Lair:3   | Noticed a five-headed hydra
 21536 | Lair:3   | Killed a five-headed hydra
 21537 | Lair:3   | Reached XP level 13. HP: 110/110 MP: 25/25
 21577 | Lair:3   | Found a staircase to the Shoals.
 21607 | Lair:3   | Reached skill level 9 in Fighting
 22129 | Lair:3   | Reached skill level 5 in Air Magic
 22369 | Lair:4   | Identified the +5 ring mail of Reason {+Inv rF+ Regen+
                  | SInv}
 23983 | Lair:5   | Entered Level 5 of the Lair of Beasts
 25196 | Lair:5   | Found a viscous altar of Jiyva.
 25197 | Lair:5   | Found a staircase to the Slime Pits.
 25441 | Lair:5   | Reached XP level 14. HP: 66/119 MP: 26/26
 26175 | Lair:5   | Reached skill level 10 in Fighting
 26989 | Lair:5   | Found a runed translucent door.
 28537 | D:8      | Learned a level 7 spell: Storm Form
 28624 | D:12     | You fall into a shaft and drop 1 floor!
 29622 | D:13     | Reached skill level 10 in Unarmed Combat
 30119 | D:12     | Noticed Azrael
 30134 | D:12     | Killed Azrael
 30713 | D:12     | Found a staircase to the Orcish Mines.
 30897 | Orc:1    | Entered Level 1 of the Orcish Mines
 31107 | Orc:2    | Entered Level 2 of the Orcish Mines
 31107 | Orc:2    | Found Zuriulug's Assorted Antiques.
 31163 | Orc:2    | Bought an amethyst potion for 28 gold pieces
 31163 | Orc:2    | Bought a scroll labelled BOINUKASMAPN for 32 gold pieces
 31163 | Orc:2    | Bought a wand of light (3) for 403 gold pieces
 31922 | Orc:2    | Paralysed by an orc sorcerer for 5 turns
 32745 | D:13     | Identified the +8 long sword of the Lusting Visionary
                  | {flame, rF+ rCorr Int-2 Dex+2}
 32847 | D:13     | Reached XP level 15. HP: 57/128 MP: 28/28
 33389 | Spider:1 | Entered Level 1 of the Spider Nest
 33405 | Spider:1 | Reached skill level 10 in Air Magic
 34224 | Spider:1 | Reached skill level 11 in Fighting
 34381 | Spider:1 | Noticed Agnes
 34755 | Shoals:1 | Entered Level 1 of the Shoals
 36501 | Shoals:2 | Reached skill level 10 in Spellcasting
 36635 | Shoals:2 | Noticed Ilsuiw
 36728 | Spider:1 | Killed Agnes
 36993 | Spider:1 | Noticed Frances
 37009 | Spider:1 | Killed Frances
 37201 | Spider:1 | Reached skill level 15 in Transmutations
 37539 | Spider:1 | Noticed Asterion
 38091 | Orc:2    | Noticed Blork the orc
 38091 | Orc:2    | Noticed an orc warlord
 38127 | Orc:1    | Killed an orc warlord
 38148 | Orc:2    | Killed Blork the orc
 38369 | Orc:2    | Found Narued's General Store.
 38385 | Orc:2    | Found Qeekhooclo's Antique Armour Emporium.
 38398 | Orc:2    | Reached XP level 16. HP: 132/139 MP: 30/30
 38403 | Orc:2    | Noticed Snorg
 38514 | Orc:2    | Killed Snorg
 38765 | Orc:2    | Found Xekk's Antique Weapon Emporium.
 38830 | Orc:2    | Found a staircase to the Elven Halls.
 38875 | Orc:2    | Noticed Sonja
 38891 | Orc:2    | Killed Sonja
 39361 | Orc:2    | Found Yceix's Book Emporium.
 39381 | Orc:2    | Noticed Jorgrun
 39392 | Orc:2    | Killed Jorgrun
 39719 | Orc:1    | Paralysed by an orc sorcerer for 2 turns
 40171 | D:13     | Reached skill level 12 in Fighting
 40373 | D:13     | Found a gate to the Vaults.
 40885 | D:14     | Noticed Louise
 40900 | D:14     | Killed Louise
 41238 | D:14     | Found Iphohan's Magic Scroll Emporium.
 41431 | D:14     | Bought a scroll of identify for 34 gold pieces
 41431 | D:14     | Bought a scroll of identify for 34 gold pieces
 41431 | D:14     | Bought a scroll of teleportation for 51 gold pieces
 41431 | D:14     | Bought a scroll of identify for 34 gold pieces
 41431 | D:14     | Bought a scroll of fear for 68 gold pieces
 41431 | D:14     | Bought a scroll of enchant armour for 127 gold pieces
 41735 | D:15     | Entered Level 15 of the Dungeon
 42020 | D:15     | Reached skill level 10 in Dodging
 42386 | D:15     | Found a shimmering altar of Xom.
 42417 | D:15     | Found a staircase to the Depths.
 43130 | Spider:1 | Killed Asterion
 43131 | Spider:1 | Reached XP level 17. HP: 148/148 MP: 9/31
 43439 | Spider:1 | Learned a level 3 spell: Swiftness
 43543 | Spider:2 | Identified the +10 glaive "Wetikov" {pain, Str+3}
 44015 | Spider:2 | Identified the +2 ring mail of the Sun {rC++}
 44106 | Spider:2 | Noticed Arachne
 44106 | Spider:2 | Noticed Aizul
 44107 | Spider:2 | Reached skill level 13 in Fighting
 44117 | Spider:2 | Killed Arachne
 44155 | Spider:2 | Killed Aizul
 44600 | Spider:2 | Noticed Mlioglotl
 44608 | Spider:2 | Killed Mlioglotl
 45590 | Spider:3 | Reached skill level 15 in Air Magic
 46585 | Spider:4 | Entered Level 4 of the Spider Nest
 47154 | Spider:4 | Reached XP level 18. HP: 114/159 MP: 28/32
 48163 | Spider:4 | Got a gossamer rune of Zot
 48576 | Shoals:2 | Killed Ilsuiw
 48722 | Shoals:2 | Reached skill level 14 in Fighting
 49908 | Shoals:3 | Found a transporter.
 49910 | Shoals:3 | Found a transporter.
 50002 | Shoals:3 | Noticed Amuaxidi's ghost (adept FoCK)
 50003 | Shoals:3 | Found a bloodstained altar of Trog.
 50450 | Shoals:3 | Identified the +1 leather armour of the Desert {rC+ rCorr
                  | Dex+4}
 50978 | Shoals:4 | Entered Level 4 of the Shoals
 51235 | Shoals:4 | Identified the amulet "Ekurismoneenk" {RegenMP Rampage
                  | rElec rPois}
 51274 | Shoals:4 | Reached skill level 10 in Translocations
 51399 | Shoals:4 | Identified the ring of Sixt {rPois Will+ Str+6}
 51401 | Shoals:4 | Identified the amulet "Udghed" {Reflect rPois SH+5}
 51408 | Shoals:4 | Got a barnacled rune of Zot
 51440 | Shoals:4 | Paralysed by an air elemental for 1 turns
 51922 | Shoals:4 | Reached XP level 19. HP: 153/169 MP: 34/34
 51944 | Shoals:4 | Paralysed by an air elemental for 1 turns
 52630 | Vaults:1 | Entered Level 1 of the Vaults
 52664 | Vaults:1 | Reached skill level 15 in Fighting
 53619 | Vaults:1 | Found Vadete's Weapon Shop.
 54443 | Vaults:1 | Identified the ring of Plog {rElec AC+4}
 55953 | Vaults:2 | Reached XP level 20. HP: 175/179 MP: 3/36
 56666 | Vaults:2 | Found a flickering gateway to a bazaar.
 56673 | Bazaar   | Entered a bazaar
 56689 | Bazaar   | Found Aweism's Antique Weapon Emporium.
 56690 | Bazaar   | Found Gourak's Jewellery Emporium.
 56733 | Bazaar   | Found Junuf's Distillery.
 56733 | Bazaar   | Found Aghiek's Antique Armour Shoppe.
 56741 | Bazaar   | Bought a potion of heal wounds for 70 gold pieces
 56741 | Bazaar   | Bought a potion of curing for 42 gold pieces
 56741 | Bazaar   | Bought 2 potions of cancellation for 224 gold pieces
 56741 | Bazaar   | Bought a potion of heal wounds for 70 gold pieces
 56741 | Bazaar   | Bought a potion of mutation for 112 gold pieces
 56755 | Bazaar   | Bought a heavily runed buckler for 152 gold pieces
 56755 | Bazaar   | Identified the +2 buckler "Foakhl Ciruz" {rC+ Str-2 Dex+2}
                  | (You bought it in a shop in a bazaar)
 56755 | Bazaar   | Bought an embroidered cloak for 120 gold pieces
 57133 | Vaults:2 | Reached skill level 15 in Unarmed Combat
 58299 | Vaults:3 | Found a staircase to the Crypt.
 58359 | Vaults:3 | Reached skill level 16 in Fighting
 59026 | Vaults:3 | Found the +9 heavy crossbow "Sniper" {vorpal, Acc+∞ SInv}
 59256 | Vaults:3 | Identified the +1 pair of boots "Waety" {Contam Fly Slay-2
                  | Stlth+}
 60024 | Vaults:4 | Reached skill level 17 in Fighting
 60034 | Vaults:4 | Reached XP level 21. HP: 175/191 MP: 19/38
 60176 | Vaults:4 | Identified the +1 plate armour "Kecon" {rN+++ Will- rCorr
                  | Dex-4}
 61187 | Orc:2    | Bought a pair of glowing gloves for 180 gold pieces
 61429 | Lair:5   | Fell from the grace of Gozag
 61430 | Lair:5   | Became a worshipper of Jiyva Jaawuja the Shapeless
 61433 | Slime:1  | Entered Level 1 of the Pits of Slime
 61807 | Slime:4  | Noticed Dissolution
 61913 | Slime:5  | Entered Level 5 of the Pits of Slime
 62020 | Slime:5  | Found a viscous altar of Jiyva.
 62025 | Slime:5  | Found the +8 storm bow {elec, penet}
 62048 | Slime:5  | Noticed the Royal Jelly
 63291 | Crypt:1  | Entered Level 1 of the Crypt
 63885 | Crypt:1  | Reached skill level 15 in Dodging
 63901 | Crypt:1  | Identified the ring of Yppirgh {Ice rElec Str+3 Dex+6}
 63901 | Crypt:1  | Noticed Josephina
 63902 | Crypt:1  | Noticed Vv
 63930 | Vaults:3 | HP: 5/192 [jiangshi[a vampire mage] (6)]
 63930 | Vaults:3 | Mangled by a jiangshi

Illustrated notes

Levels and vault maps discovered:
D:1:      ldierk_water_garden, layout_basic, minmay_worlds_worst_comb
D:2:      layout_loops_ring, ebering_ecumenical_altar_sacrificial,
          minmay_misc_feat_plants
D:3:      layout_basic, gammafunk_ghost_arena
D:4:      layout_layer_cave, nicolae_overflow_crystal_walls
D:5:      layout_loops_ring, elyvilon_altar_1, nicolae_gozag_zags_fifth_avenue,
          serial_demonic, serial_demonic_c, serial_demonic_e, serial_demonic_c,
          serial_demonic_e, uniq_duvessa
D:6:      layout_basic, minmay_temple_entry_poolview
D:7:      layout_rooms
D:8:      layout_cave_pools, nicolae_yredelemnul_ghost_church,
          david_lair_generic, serial_shops, nicolae_shop_waterfront, uniq_maggie
D:9:      layout_roguey, minmay_fractal_squares_gapless_5
D:10:     layout_basic, fiery_altar_vehumet, minmay_misc_feat_room,
          serial_bayou_pond_d, nicolae_transporter_intersection, uniq_erolcha
D:11:     layout_gridville, serial_shops, nicolae_shop_bloodbath_and_beyond,
          nrook_mini_backslash, minmay_misc_feat_iff, kiku_gazebo_garden_becter
D:12:     layout_rooms, orc_0_dummy, serial_rivers,
          chequers_serial_rivers_micro_d, chequers_serial_rivers_small_b,
          chequers_serial_rivers_micro_b, chequers_serial_rivers_micro_b,
          chequers_serial_rivers_large_b, chequers_serial_rivers_marsh,
          uniq_azrael
D:13:     layout_gridville, lightli_vaults_fourway_checkpoint
D:14:     minmay_expanding_squares, layout_gridville, serial_shops,
          nicolae_shop_hallway_plus, nicolae_benzene_ring, grunt_ministairs_2,
          uniq_louise
D:15:     hangedman_depths_entry_civil_slaughter, layout_basic,
          hangedman_decor_opposing, xom_teletrap_fun
Lair:1:   layout_hall_layers, gammafunk_ghost_berserking_beasts,
          beast_lair_carwin_3, uniq_fannar
Lair:2:   layout_chaotic_city, portal_ice_cave_entry_pillars_1, evilmike_ambush
          [evilmike_ambush_outer_doors, evilmike_ambush_inner_pond], uniq_urug
Lair:3:   layout_gridlike, minmay_shoals_entry_lonely_mermaid,
          nicolae_spider_entry_orb_guardian, basic_altar,
          nicolae_volcano_entry_lava_flow, serial_bayou_shore_b,
          serial_bayou_shore_b
Lair:4:   layout_cave_pods, serial_bayou_lagoon_a,
          chequers_serial_rivers_micro_e
Lair:5:   wormcave, layout_regular_city, minmay_slime_entry_oklob_open,
          nicolae_quartered_pool_super, grunt_megastairs_5, lemuel_fruit_tree
Shoals:1: argonaut_golden_fleece, layout_shoals
Shoals:2: layout_shoals, uniq_ilsuiw
Shoals:3: layout_shoals, gammafunk_ghost_wrathful_warriors
Shoals:4: shoals_end_hellmonk_storm_palace [storm_palace_center_ruins,
          storm_palace_corner_grid, storm_palace_corner_narrow,
          storm_palace_corner_grid, storm_palace_corner_reverse_hut]
Spider:1: nicolae_spider_hall_of_the_moth_king,
          nicolae_spider_nooks_and_crannies, uniq_agnes, uniq_asterion,
          uniq_frances
Spider:2: layout_spider_delve, nicolae_arachne_temple, uniq_arachne, uniq_aizul,
          uniq_mlioglotl
Spider:3: layout_spider_delve, nicolae_spider_rock_and_or_roll,
          hangedman_spider_tarantella_strand
Spider:4: grunt_spider_rune_circles
Slime:1:  layout_caves
Slime:2:  layout_caves
Slime:3:  layout_caves
Slime:4:  nicolae_slime_jelly_donut, layout_caves, dissolution_awaits
Slime:5
Orc:1:    layout_diamond_mine
Orc:2:    grunt_orc_cross, layout_caves, serial_shops, nicolae_shop_trees,
          uniq_sonja, uniq_jorgrun, uniq_snorg
Vaults:1: nicolae_vaults_network_star, nicolae_vaults_disjoint_gnomons, st_eye,
          nicolae_vaults_ring_of_whatevers, v_misc_33,
          nicolae_vaults_ring_of_whatevers, hangedman_vaults_nails,
          vaults_standard_mumra_lines, ontoclasm_vaults_twist,
          nicolae_vaults_theta, nicolae_vaults_border_crossing,
          vaults_dpeg_ring, layout_vaults_omnicross, serial_shops, shop
Vaults:2: v_misc_2, nicolae_vaults_minivaults, vaults_mumra_chevron_long,
          nicolae_vaults_little_squares_2, grunt_vaults_hallway_long,
          layout_vaults_omnigrid, serial_shops, bzr_entry_lakeside
Vaults:3: hangedman_vaults_nodes, minmay_crypt_entry_simple_box,
          vaults_mumra_chevron, v_misc_4, v_misc_31, hangedman_vaults_hat,
          vaults_dpeg_hooks, v_rooms_1, minmay_guarded_unrand_secular_launcher,
          nicolae_vaults_alarming, layout_vaults_maze_snakey
Vaults:4: nicolae_vaults_little_ls, v_rooms_3, nicolae_vaults_gold_heap,
          vaults_room_grunt_arrival_ludios, hangedman_vaults_trim,
          vaults_mumra_hex, nicolae_vaults_mini_display_case,
          nicolae_vaults_ninety_degrees, vaults_room_pools,
          vaults_room_door_ring, layout_vaults_big_room
Crypt:1:  minmay_shadows, layout_rooms, st_stairs_10,
          grunt_crypt_arrival_guarded_gate, uniq_vv, uniq_josephina,
          uniq_margery, uniq_donald, uniq_frederick

Skill      XL: |  1  2  3  4  5  6  7  8  9 10 11 12 13 14 15 16 17 18 19 20 21 |
---------------+----------------------------------------------------------------+-----
Fighting       | 2 3 4 5 6 7 8 9 10 11 12 13 14 15 17 | 17.5
Transmutations | 3 4 5 7 8 10 11 13 14 15 16 | 16.0
Poison Magic   | 1 2 3 4 5 |  5.0
Spellcasting   | 3 4 5 7 8 9 10 11 12 13 | 13.2
Ice Magic      | 1 2 4 5 7 |  7.0
Translocations | 1 3 4 5 7 8 10 11 12 13 | 13.0
Unarmed Combat | 4 5 6 7 8 9 10 11 12 13 14 15 | 15.8
Dodging        | 2 3 5 6 7 8 9 10 11 12 13 14 15 | 15.1
Air Magic      | 4 7 9 11 13 15 16 | 16.0

Action                   |  1- 3 |  4- 6 |  7- 9 | 10-12 | 13-15 | 16-18 | 19-21 || total
-------------------------+-------+-------+-------+-------+-------+-------+-------++-------
Melee: Unarmed           |    80 |   167 |   232 |   575 |  1089 |  1017 |   789 ||  3949
       Headbutt          |    10 |       |       |       |       |       |       ||    10
       Kick              |     8 |       |       |       |       |       |       ||     8
       Tailslap          |     3 |     1 |     2 |     9 |     2 |     4 |     1 ||    22
       Punch             |       |       |       |     2 |    36 |    79 |    58 ||   175
 Cast: Beastly Appendage |    23 |       |       |       |     1 |       |       ||    24
       Wereblood         |     9 |    20 |    19 |    47 |    58 |    67 |    57 ||   277
       Spider Form       |     2 |    38 |    25 |       |     1 |       |       ||    66
       Ice Form          |       |       |     2 |    58 |    67 |       |       ||   127
       Manifold Assault  |       |       |       |     6 |       |    75 |   144 ||   225
       Storm Form        |       |       |       |       |    23 |    81 |    59 ||   163
       Swiftness         |       |       |       |       |       |       |     1 ||     1
Invok: Call Merchant     |       |       |       |     2 |       |       |       ||     2
       Potion Petition   |       |       |       |       |     8 |     3 |       ||    11
       Renounce Religion |       |       |       |       |       |       |     1 ||     1
 Abil: Breathe Steam     |       |       |    18 |    70 |    50 |       |       ||   138
       End Transformatio |       |       |       |     5 |    11 |       |       ||    16
       Blinkbolt         |       |       |       |       |    31 |    99 |    54 ||   184
Evoke: Wand              |       |       |       |     5 |     7 |       |       ||    12
  Use: Potion            |       |       |     7 |     5 |     6 |     2 |     6 ||    26
       Scroll            |       |       |     2 |    12 |    10 |     7 |    10 ||    41
 Stab: Sleeping          |       |     5 |       |       |       |       |       ||     5
       Distracted        |       |       |     4 |     4 |     4 |     8 |     7 ||    27
       Paralysed         |       |       |       |       |     9 |       |       ||     9
       Invisible         |       |       |       |       |     1 |     1 |       ||     2
Armor: Skin              |    22 |    17 |    46 |   302 |   562 |   312 |   138 ||  1399
Dodge: Dodged            |    42 |   119 |   244 |   359 |   767 |   846 |   485 ||  2862
Block: Other             |       |       |       |    17 |     2 |     5 |       ||    24
       Buckler           |       |       |       |       |       |       |     9 ||     9
